 Dungeon Crawl Stone Soup version 0.29.0-11-gd7f09526c8 (webtiles) character file.

Game seed: 9036623902714381591

37 ILmort the Shooter (level 3, -2/21 HPs)
             Began as a Gargoyle Hunter on Sept 6, 2022.
             Slain by a goblin
             ... wielding a +0 club
             ... led by Robin
              (3 damage)
             ... on level 2 of the Dungeon.
             The game lasted 00:05:23 (1081 turns).

ILmort the Shooter (Gargoyle Hunter)                Turns: 1081, Time: 00:05:24

Health: -2/21      AC:  7    Str: 14    XL:     3   Next: 41%
Magic:  3/3        EV: 11    Int:  9    God:
Gold:   78         SH:  0    Dex: 15    Spells: 2/2 levels left

rFire   . . .      SeeInvis .   b - +2 dagger (venom)
rCold   . . .      Faith    .   (no shield)
rNeg    + . .      Spirit   .   c - +1 leather armour
rPois   ∞          Reflect  .   (no helmet)
rElec   +          Harm     .   (no cloak)
rCorr   .          Rampage  .   (no gloves)
Will    .....                   (no boots)
Stlth   ++........              (no amulet)
HPRegen 0.07/turn               (no ring)
MPRegen 0.08/turn               (no ring)

@: about to teleport
A: sickness immunity, AC +3, negative energy resistance 1, electricity
resistance, torment resistance 1, petrification resistance
a: no special abilities


You were on level 2 of the Dungeon.
You visited 1 branch of the dungeon, and saw 2 of its levels.

You collected 78 gold pieces.

Inventory:

Hand Weapons
 a - a +0 shortbow
 b - a +2 dagger of venom (weapon)
Armour
 c - a +1 leather armour (worn)
 k - a +0 scale mail
Wands
 l - a wand of iceblast (3)
Scrolls
 g - a scroll of immolation
 i - a scroll of brand weapon {unknown}
 m - a scroll of blinking {unknown}
Potions
 d - a potion of heal wounds {unknown}
 j - a potion of berserk rage {unknown}


   Skills:
 + Level 2.2 Fighting
 * Level 5.1 Ranged Weapons
 - Level 1.5 Dodging
 - Level 1.1 Stealth


You had 2 spell levels left.
You didn't know any spells.
Your spell library was empty.

Dungeon Overview and Level Annotations

Branches:
Dungeon (2/15)

Altars:

Annotations:
D:1 exclusion: downstairs
D:2 exclusion: downstairs, Robin


Innate Abilities, Weirdness & Mutations

You are immune to sickness and miasma.
Your stone body is resilient. (AC +3)
You are immune to poison.
You resist negative energy. (rN+)
You are resistant to electric shocks. (rElec)
You are resistant to unholy torment.
You are immune to petrification.


Message History

Robin points. "Kill!"
Robin throws the goblin at you!
The teleport trap disappears.
The goblin disappears!
The goblin attacks as you move away! The goblin hits you but does no damage.
Your +2 dagger of venom begins to drip with poison!
b - a +2 dagger of venom (weapon)
You barely miss the goblin.
Robin roars a battlecry!
The goblins go into a battle-frenzy!
The goblin barely misses you.
You closely miss the goblin.
Robin roars a battlecry!
The goblin goes into a battle-frenzy!
The goblin hits you with a +0 dagger of holy wrath.
You barely miss the goblin. The goblin barely misses you.
Robin throws the goblin at you!
You closely miss the goblin. The goblin barely misses you.
Robin roars a battlecry!
The goblin goes into a battle-frenzy!
The goblin hits you with a +0 dagger of holy wrath.
You barely miss the goblin. The goblin hits you with a +0 club.
The goblin hits you with a +0 dagger of holy wrath.
As you read the scroll labelled ICOOSEL JEKK, it crumbles to dust.
It is a scroll of enchant armour.
Your +0 leather armour glows green for a moment.
The goblin misses you.
The goblin hits you with a +0 dagger of holy wrath.
As you read the scroll labelled OLOPUC ZEOWO, it crumbles to dust.
It is a scroll of identify.
h - a scroll of teleportation The goblin hits you with a +0 club.
* * * LOW HITPOINT WARNING * * *
The goblin hits you with a +0 dagger of holy wrath.
* * * LOW HITPOINT WARNING * * *
As you read the scroll of teleportation, it crumbles to dust.
You feel strangely unstable. The goblin hits you but does no damage.
The goblin hits you with a +0 dagger of holy wrath.
* * * LOW HITPOINT WARNING * * *
You hit the goblin.
The goblin is poisoned.
The goblin hits you with a +0 club.
You die...

#...........##.#
#....###.......#######
#............>...†....
#...#.##.#..)####.####
#...#.##.##.## #.####
#............# #....#
#####.##.....# #.##.#
#g##..)..# #.....
#@##.....# #.....
##g##.....# ##.#.#
####ggg###.### #...#
#..g..)....# #.###
##.#...##### #....
#.##### ### #.### . ..
#[# . .#####g #.# #.
.......####.#


You could see Robin, a hobgoblin and 4 goblins.

Vanquished Creatures
  A worm (D:2)
  2 dart slugs (D:1)
  2 ball pythons
  2 bats
  2 endoplasms (D:2)
  2 jackals (D:2)
  A frilled lizard (D:2)
  7 goblins
  5 kobolds
  4 rats
28 creatures vanquished.

Notes
Turn   | Place    | Note
-------+----------+-------------------------------------------
     0 | D:1      | ILmort the Gargoyle Hunter began the quest for the Orb.
     0 | D:1      | Reached XP level 1. HP: 12/12 MP: 1/1
   133 | D:1      | Reached XP level 2. HP: 17/17 MP: 2/2
   219 | D:1      | Found a faded altar of an unknown god.
   649 | D:2      | Noticed Robin
   897 | D:2      | Reached XP level 3. HP: 21/21 MP: 3/3
   940 | D:2      | Reached skill level 5 in Ranged Weapons
  1080 | D:2      | HP: 1/21 [goblin/+0 dagger of holy wrath[Robin] (2)]
  1081 | D:2      | Slain by a goblin

Illustrated notes

Levels and vault maps discovered:
D:1:      wander_arrival_fairy_ring, layout_basic,
          hellmonk_ecumenical_altar_leap_of_faith
D:2:      layout_loops_cross, kennysheep_cluttered_room, uniq_robin,
          uniq_crazy_yiuf_cottage

Skill      XL: |  1  2  3 |
---------------+----------+-----
Ranged Weapons | 5 |  5.1
Fighting       | |  2.2
Dodging        | |  1.5
Stealth        | |  1.1

Action                   || total
-------------------------++-------
Melee: Dagger            ||    25
 Fire: Shortbow          ||    71
  Use: Scroll            ||     3
Armor: Leather armour    ||    20
Dodge: Dodged            ||    31
